 Dungeon Crawl Stone Soup version 0.18.1-48-g4cf74bf (webtiles) character file.

149 Alarkh the Shooter (level 5, 0/38 HPs)
             Began as a Mummy Hunter on Aug 16, 2016.
             Killed by divine providence
             ... invoked by an orc priest
              (11 damage)
             ... on level 3 of the Dungeon.
             The game lasted 00:04:23 (2640 turns).

Alarkh the Shooter (Mummy Hunter)                   Turns: 2640, Time: 00:04:24

Health: 0/38       AC:  4    Str: 15    XL:     5   Next: 9%
Magic:  5/5        EV: 11    Int: 12    God:
Gold:   72         SH:  0    Dex: 12    Spells: 0 memorised, 4 levels left

rFire  x . .     SeeInvis .     b - +2 dagger (venom)
rCold  + . .     Gourm    .     c - +0 leather armour
rNeg   + + +     Faith    .     (no shield)
rPois  ∞         Spirit   .     m - +0 helmet
rElec  .         Dismiss  .     (no cloak)
rCorr  .         Reflect  .     (no gloves)
SustAt .         Harm     .     (no boots)
MR     .....                    (no amulet)
Stlth  +.........               (no ring)
                                (no ring)

@: very slightly contaminated, not resistant to hostile enchantments, very
unstealthy
A: no food or potions, fire vulnerability, cold resistance 1, negative energy
resistance 3, torment resistance, unbreathing
a: no special abilities


You were on level 3 of the Dungeon.
You were not hungry.

You visited 1 branch of the dungeon, and saw 3 of its levels.

You collected 72 gold pieces.

Inventory:

Hand Weapons
 a - a +1 shortbow
 b - a +2 dagger of venom (weapon)
 f - a +0 short sword
 l - a +0 mace
Missiles
 d - 18 arrows
Armour
 c - a +0 leather armour (worn)
 m - a +0 helmet (worn)
Scrolls
 e - a scroll of identify
 g - a scroll of amnesia
 h - a scroll of random uselessness
 k - a scroll of teleportation {unknown}
 n - a scroll of fog {unknown}


   Skills:
 - Level 2.0 Fighting
 + Level 5.3 Bows
 - Level 1.5 Dodging
 - Level 0.7 Stealth


You had 4 spell levels left.
You didn't know any spells.

Dungeon Overview and Level Annotations

Branches:
Dungeon (3/15)

Altars:


Innate Abilities, Weirdness & Mutations

You do not eat or drink.
Your flesh is vulnerable to fire.
You are immune to poison.
Your flesh is cold resistant.
You are immune to negative energy.
You are immune to unholy pain and torment.
You can survive without breathing.


Message History

The orc is heavily wounded.
The orc hits you with a flail.
The orc priest invokes the aid of Beogh against you.
Beogh smites you!
* * * LOW HITPOINT WARNING * * *
Read which item? (? for menu, Esc to quit)
As you read the scroll labeled DOADAT CUH ADGH, it crumbles to dust.
You feel aware of your surroundings.
You sensed 1 altar.
It was a scroll of magic mapping.
The orc barely misses you.
Read which item? (? for menu, Esc to quit)
Blink to where?
Press: ? - help, Dir - move target cursor You are very lightly contaminated with residual magic.
As you read the scroll labeled XOAMYD MAGO, it crumbles to dust.
It was a scroll of blinking.
You kill the orc!
The orc priest looks more healthy.
The orc priest mumbles some strange prayers to Beogh against you.
Beogh smites you!
You die...

,,,,,.............# *,,,,,,,,
,,,,..............# *,,,,,,,,
,,,...............# *,,,,,,,,
,,................##*****,,,,,,,,
,...................,,,,,,,,,,,,,
,.................#****,,,,,,,,,,
,.)...............#####.,,,,,**,,
,....l..................,,,,<**,,
,..........oo...@.###.#,,,,,,**,,
,..........g..........#,,,,,,,,,,
,........o<.......#####,,,,,***,,
,........)........# *,,,,,,,,,,
,........(........# *,,,,,**,,,
,.................#****,,,,,**,,,
,...................,**,,,,,***,,
,.................#.***,,,,,* *,,
*#######+#+##+#.###.# *,,,,,***,,


You could see an orc priest, 2 orcs and a goblin.

Vanquished Creatures
  Robin (D:2)
  4 gnolls
  3 adders (D:2)
  An ooze (D:2)
  2 dart slugs (D:1)
  2 giant geckos
  An orc (D:3)
  A ball python (D:2)
  5 giant cockroaches
  10 goblins
  8 hobgoblins
  5 kobolds
  8 bats
  A giant gecko zombie (D:2)
  3 giant newts
  5 rats (D:1)
60 creatures vanquished.

Notes
Turn   | Place    | Note
--------------------------------------------------------------
     0 | D:1      | Alarkh the Mummy Hunter began the quest for the Orb.
     0 | D:1      | Reached XP level 1. HP: 16/16 MP: 1/1
    82 | D:1      | Reached XP level 2. HP: 20/22 MP: 2/2
   552 | D:1      | Reached skill level 4 in Bows
   738 | D:2      | Noticed Robin
   754 | D:1      | Reached XP level 3. HP: 19/27 MP: 3/3
  1517 | D:2      | Reached XP level 4. HP: 21/33 MP: 4/4
  2107 | D:1      | Reached skill level 5 in Bows
  2306 | D:2      | Killed Robin
  2506 | D:2      | Reached XP level 5. HP: 32/38 MP: 5/5
  2640 | D:3      | Killed from afar by an orc priest

Skill      XL: |  1  2  3  4 |
---------------+-------------+-----
Bows           | 4 5 |  5.3
Fighting       | |  2.0
Dodging        | |  1.5
Stealth        | |  0.7

Action                   |  1- 3 |  4- 6 || total
-------------------------+-------+-------++-------
Melee: Mace              |    87 |       ||    87
       Dagger            |     5 |    74 ||    79
 Fire: Shortbow          |    10 |       ||    10
  Use: Scroll            |     1 |     3 ||     4
 Stab: Sleeping          |     2 |     1 ||     3
Armor: Leather armour    |    34 |    20 ||    54
Dodge: Dodged            |    68 |    51 ||   119
